 Dungeon Crawl Stone Soup version 0.25.0-11-g1f837a76a1 (webtiles) character file.

Game seed: 1384444786045476302

847 xccam the Skirmisher (level 8, -2/67 HPs)
             Began as a Gnoll Wanderer on June 24, 2020.
             Slain by a purple ugly thing (20 damage)
             ... on level 6 of the Dungeon.
             The game lasted 00:09:49 (3853 turns).

xccam the Skirmisher (Gnoll Wanderer)               Turns: 3853, Time: 00:09:49

Health: -2/67      AC:  5    Str: 15    XL:     8   Next: 0%
Magic:  6/16       EV: 13    Int: 24    God:
Gold:   276        SH:  0    Dex: 13    Spells: 14/18 levels left

rFire    . . .     SeeInvis .   a - +3 dagger
rCold    . . .     Gourm    .   (no shield)
rNeg     . . .     Faith    .   e - +0 robe
rPois    .         Spirit   .   v - +0 helmet
rElec    .         Reflect  .   (no cloak)
rCorr    .         Harm     .   C - +0 pair of gloves
MR       .....                  l - +0 pair of boots
Stlth    ++........             d - amulet of regeneration
HPRegen  0.61/turn              (no ring)
MPRegen  0.15/turn              y - +6 ring of intelligence

@: no status effects
A: distributed training, fangs 1, strong nose
a: no special abilities


You were on level 6 of the Dungeon.
You were not hungry.

You visited 1 branch of the dungeon, and saw 6 of its levels.

You collected 276 gold pieces.

Inventory:

Hand Weapons
 a - a +3 dagger (weapon)
 c - a +0 quarterstaff
Armour
 e - a +0 robe (worn)
 l - a +0 pair of boots (worn)
 v - a +0 helmet (worn)
 C - a +0 pair of gloves (worn)
Jewellery
 d - an amulet of regeneration (around neck)
 r - an uncursed amulet of faith
 t - an uncursed amulet of guardian spirit
 y - a +6 ring of intelligence (right hand)
Wands
 q - a wand of paralysis (2)
Scrolls
 b - a scroll of fear
 g - 4 scrolls of teleportation
 k - 2 scrolls of magic mapping
 m - a scroll of enchant weapon
 p - a scroll of enchant armour {unknown}
 s - 3 scrolls of remove curse
 u - a scroll of random uselessness {unknown}
 w - 4 scrolls of identify {unknown}
Potions
 h - 3 potions of berserk rage {unknown}
 i - 2 potions of heal wounds {unknown}
 j - a potion of magic {unknown}
 n - a potion of flight {unknown}
 o - 5 potions of curing
 x - a potion of haste {unknown}
 z - 2 potions of might {unknown}
 A - a potion of resistance {unknown}
 B - a potion of stabbing {unknown}
Comestibles
 f - 5 rations
 D - 4 chunks of flesh


   Skills:
 + Level 7.1 Fighting
 + Level 2.8 Short Blades
 + Level 2.8 Long Blades
 + Level 2.8 Axes
 + Level 2.8 Maces & Flails
 + Level 2.8 Polearms
 + Level 2.8 Staves
 + Level 2.8 Slings
 + Level 2.8 Bows
 + Level 2.8 Crossbows
 + Level 2.8 Throwing
 + Level 2.8 Armour
 + Level 2.8 Dodging
 + Level 3.7 Stealth
 + Level 3.8 Shields
 + Level 2.8 Unarmed Combat
 + Level 5.8 Spellcasting
 + Level 2.2 Conjurations
 + Level 2.2 Hexes
 + Level 2.2 Charms
 + Level 2.2 Summonings
 + Level 2.2 Necromancy
 + Level 2.2 Translocations
 + Level 2.2 Transmutations
 + Level 2.2 Fire Magic
 + Level 2.2 Ice Magic
 + Level 2.2 Air Magic
 + Level 2.2 Earth Magic
 + Level 5.9 Poison Magic
 + Level 3.1 Invocations
 + Level 2.8 Evocations


You had 14 spell levels left.
You knew the following spells:

 Your Spells              Type           Power        Failure   Level  Hunger
a - Sting                 Tmut/Pois      ####         1%          1    None
b - Ignite Poison         Fire/Tmut/Pois ###.....     6%          3    #......

Your spell library contained the following spells:

 Spells                   Type           Power        Failure   Level  Hunger


Dungeon Overview and Level Annotations

Branches:
Dungeon (6/15)
 Temple: D:4-7

Altars:
Cheibriados
Dithmenos
Qazlal
Uskayaw
Vehumet
Xom
The Shining One

Annotations:
D:5 2 transporters, Luthien's ghost, amateur GrEE
D:6 Maggie


Innate Abilities, Weirdness & Mutations

Your experience applies equally to all skills.
You have very sharp teeth.
Your uncanny sense of smell can sniff out nearby items.


Message History

Casting: Ignite Poison (dangerous; 6% risk of failure)
Confirm with . or Enter, or press ? or * to list all spells.
Aiming: Sting (safe; 1% risk of failure)
Press: ? - help, Shift-Dir - straight line, f/p - purple ugly thing
Aim: a purple ugly thing (moderately wounded)
The sting hits the purple ugly thing.
The purple ugly thing is poisoned.
The purple ugly thing is moderately wounded.
The purple ugly thing bites you!
Casting: Sting (safe; 1% risk of failure)
Confirm with . or Enter, or press ? or * to list all spells.
Aiming: Sting (safe; 1% risk of failure)
Press: ? - help, Shift-Dir - straight line, f/p - purple ugly thing
Aim: a purple ugly thing (moderately wounded, poisoned)
The sting hits the purple ugly thing but does no damage.
The purple ugly thing looks even sicker.
The purple ugly thing is moderately wounded.
The purple ugly thing bites you!
* * * LOW HITPOINT WARNING * * *
It was a potion of curing.
You feel better. The purple ugly thing bites you!!
You die...

.. .# .# ..# a#
.# #.# ..##.#
#[###..#.#
#.#.#...#
#a@#...#
#u#...# ∆
##@..+########
#.#.........<#
#†.#.....######
#...#.....#
..###......#
##. ........# #
##.......#
#.......#
........#


You could see a purple ugly thing (very poisoned), Maggie and a worker ant.

Vanquished Creatures
  2 sky beasts
  2 ogres
  2 scorpions (D:5)
  A crimson imp (D:5)
  A quasit (D:5)
  Jessica (D:2)
  A centaur skeleton (D:5)
  Ijyb (D:3)
  2 worker ants (D:4)
  10 adders
  A gnoll (D:3)
  An adder skeleton (D:4)
  7 worms
  2 dart slugs
  5 leopard geckos
  10 orcs
  4 giant cockroaches
  4 goblins
  3 hobgoblins
  A quokka (D:3)
  A ball python (D:3)
  8 bats
  4 frilled lizards
  A giant cockroach zombie (D:5)
  A goblin zombie (D:5)
  3 hobgoblin zombies (D:5)
  5 kobolds
  A kobold skeleton (D:5)
  A kobold zombie (D:5)
  A leopard gecko skeleton (D:4)
  2 orc skeletons (D:5)
  6 rats
95 creatures vanquished.

Notes
Turn   | Place    | Note
-------+----------+-------------------------------------------
     0 | D:1      | xccam the Gnoll Wanderer began the quest for the Orb.
     0 | D:1      | xccam set off with the following items: a +2 dagger, a
                  | scroll of fear, a +0 quarterstaff, a +0 robe, a ration; and
                  | the following spell memorised: Sting; and the following
                  | spells available to memorise: Ignite Poison
     0 | D:1      | Reached XP level 1. HP: 23/23 MP: 6/6
   557 | D:1      | Reached XP level 2. HP: 29/29 MP: 7/7
   851 | D:2      | Reached skill level 5 in Spellcasting
   851 | D:2      | Reached XP level 3. HP: 33/35 MP: 5/9
   991 | D:2      | Found a radiant altar of Vehumet.
  1119 | D:2      | Reached skill level 1 in Invocations
  1123 | D:2      | Reached skill level 1 in Short Blades
  1123 | D:2      | Reached skill level 1 in Long Blades
  1123 | D:2      | Reached skill level 1 in Axes
  1123 | D:2      | Reached skill level 1 in Maces & Flails
  1123 | D:2      | Reached skill level 1 in Polearms
  1123 | D:2      | Reached skill level 1 in Staves
  1123 | D:2      | Reached skill level 1 in Slings
  1123 | D:2      | Reached skill level 1 in Bows
  1123 | D:2      | Reached skill level 1 in Crossbows
  1123 | D:2      | Reached skill level 1 in Throwing
  1123 | D:2      | Reached skill level 1 in Armour
  1123 | D:2      | Reached skill level 1 in Dodging
  1123 | D:2      | Reached skill level 1 in Unarmed Combat
  1123 | D:2      | Reached skill level 1 in Evocations
  1126 | D:2      | Noticed Jessica
  1144 | D:2      | Killed Jessica
  1144 | D:2      | Reached XP level 4. HP: 41/41 MP: 1/11
  1292 | D:2      | Learned a level 3 spell: Ignite Poison
  1367 | D:2      | Reached skill level 1 in Conjurations
  1367 | D:2      | Reached skill level 1 in Hexes
  1367 | D:2      | Reached skill level 1 in Charms
  1367 | D:2      | Reached skill level 1 in Summonings
  1367 | D:2      | Reached skill level 1 in Necromancy
  1367 | D:2      | Reached skill level 1 in Translocations
  1367 | D:2      | Reached skill level 1 in Transmutations
  1367 | D:2      | Reached skill level 1 in Fire Magic
  1367 | D:2      | Reached skill level 1 in Ice Magic
  1367 | D:2      | Reached skill level 1 in Air Magic
  1367 | D:2      | Reached skill level 1 in Earth Magic
  1464 | D:2      | Found a snail-covered altar of Cheibriados.
  1624 | D:3      | Found a shimmering altar of Xom.
  1632 | D:3      | Found a shimmering altar of Xom.
  1764 | D:3      | Noticed Ijyb
  1771 | D:3      | Paralysed by Ijyb for 7 turns
  1779 | D:3      | Killed Ijyb
  1779 | D:3      | Reached XP level 5. HP: 40/47 MP: 5/12
  1834 | D:3      | Noticed a sky beast
  1840 | D:3      | Killed a sky beast
  1972 | D:3      | Reached XP level 6. HP: 53/53 MP: 11/13
  2200 | D:3      | Found a shimmering altar of Xom.
  2572 | D:4      | Noticed a +0 hand axe
  2572 | D:4      | Noticed a +0 dagger
  2573 | D:4      | Found a hide-covered altar of Uskayaw.
  2756 | D:4      | Found a stormy altar of Qazlal.
  2942 | D:4      | Reached XP level 7. HP: 52/59 MP: 12/15
  3125 | D:5      | Entered Level 5 of the Dungeon
  3237 | D:5      | Found a transporter.
  3238 | D:5      | Noticed Luthien's ghost (amateur GrEE)
  3253 | D:5      | Found a transporter.
  3283 | D:5      | Found a shadowy altar of Dithmenos.
  3314 | D:5      | Reached skill level 7 in Fighting
  3373 | D:5      | Found a glowing golden altar of the Shining One.
  3808 | D:6      | Noticed a purple ugly thing
  3846 | D:6      | Reached XP level 8. HP: 63/67 MP: 10/16
  3847 | D:6      | Noticed Maggie
  3853 | D:6      | Slain by a purple ugly thing

Illustrated notes

Levels and vault maps discovered:
D:1:      wander_arrival_peaceful_grave, layout_loops_cross, minmay_door_square
D:2:      layout_rooms, fiery_altar_vehumet, cheibriados_altar_1, serial_glass,
          glass_columns_a, glass_columns_c, uniq_jessica
D:3:      minmay_chambers_of_threes, layout_basic, xom_redecorated, uniq_ijyb
D:4:      layout_rooms, dancing_weapons_uskayaw, kennysheep_little_box,
          first_ration
D:5:      layout_basic, nicolae_tso_besieged_by_evil, gammafunk_ghost_arena,
          basic_altar
D:6:      minmay_evil_eye, layout_basic, minmay_temple_entry_tees, serial_shops,
          shop, minmay_manual_mail, uniq_maggie

Skill      XL: |  1  2  3  4  5  6  7 |
---------------+----------------------+-----
Spellcasting   | 5 |  5.8
Invocations    | 1 2 3 |  3.1
Short Blades   | 1 2 |  2.8
Long Blades    | 1 2 |  2.8
Axes           | 1 2 |  2.8
Maces & Flails | 1 2 |  2.8
Polearms       | 1 2 |  2.8
Staves         | 1 2 |  2.8
Slings         | 1 2 |  2.8
Bows           | 1 2 |  2.8
Crossbows      | 1 2 |  2.8
Throwing       | 1 2 |  2.8
Armour         | 1 2 |  2.8
Dodging        | 1 2 |  2.8
Unarmed Combat | 1 2 |  2.8
Evocations     | 1 2 |  2.8
Conjurations   | 1 2 |  2.2
Hexes          | 1 2 |  2.2
Charms         | 1 2 |  2.2
Summonings     | 1 2 |  2.2
Necromancy     | 1 2 |  2.2
Translocations | 1 2 |  2.2
Transmutations | 1 2 |  2.2
Fire Magic     | 1 2 |  2.2
Ice Magic      | 1 2 |  2.2
Air Magic      | 1 2 |  2.2
Earth Magic    | 1 2 |  2.2
Shields        | 3 |  3.8
Stealth        | 3 |  3.7
Fighting       | 7 |  7.1
Poison Magic   | |  5.9

Action                   |  1- 3 |  4- 6 |  7- 9 || total
-------------------------+-------+-------+-------++-------
Melee: Dagger            |    41 |    89 |   115 ||   245
       Bite              |     3 |     8 |    17 ||    28
       Punch             |       |     2 |     4 ||     6
 Cast: Sting             |    26 |    38 |    30 ||    94
       Ignite Poison     |       |     6 |     3 ||     9
Evoke: Wand              |       |       |     1 ||     1
  Use: Scroll            |       |     6 |       ||     6
       Potion            |       |       |     1 ||     1
 Stab: Sleeping          |     1 |     3 |     2 ||     6
       Paralysed         |       |       |     2 ||     2
  Eat: Chunk             |     1 |     6 |     3 ||    10
Armor: Robe              |    11 |    33 |    51 ||    95
Dodge: Dodged            |    18 |    62 |    83 ||   163
